 Dungeon Crawl Stone Soup version 0.27.1 (webtiles) character file.

Game seed: 3448712428475124316

1031 MajorAdolf the Reanimator (level 8, -4/62 HPs)
             Began as a Naga Wanderer on Aug 22, 2021.
             Slain by a phantom (6 damage)
             ... on level 6 of the Dungeon.
             The game lasted 00:12:29 (9023 turns).

MajorAdolf the Reanimator (Naga Wanderer)           Turns: 9023, Time: 00:12:30

Health: -4/62      AC:  5    Str: 14    XL:     8   Next: 23%
Magic:  11/11      EV:  8    Int: 16    God:
Gold:   237        SH:  0    Dex: 10    Spells: 3/12 levels left

rFire    . . .     SeeInvis +   u - +1 dagger (holy)
rCold    . . .     Faith    .   (no shield)
rNeg     . . .     Spirit   .   y - +1 leather armour {rPois}
rPois    +         Reflect  .   (no helmet)
rElec    .         Harm     .   (no cloak)
rCorr    .         Rampage  .   (no gloves)
Will     ++...                  (no barding)
Stlth    ++........             (no amulet)
HPRegen  0.20/turn              l - ring of willpower
MPRegen  0.12/turn              (no ring)

@: very slow
A: AC +2, large, see invisible, deformed body, poison resistance, slowness 2,
spit poison 1, naga tail 1
a: Spit Poison


You were on level 6 of the Dungeon.
You visited 1 branch of the dungeon, and saw 7 of its levels.

You collected 237 gold pieces.

Inventory:

Hand Weapons
 a - a +0 club
 f - a +0 dagger
 o - a +0 whip of venom
 u - a +1 dagger of holy wrath (weapon)
Missiles
 i - 23 poisoned darts
Armour
 b - a +0 robe
 y - a +1 leather armour of poison resistance (worn)
Jewellery
 l - a ring of willpower (left hand)
 r - an amulet of the acrobat
 t - a ring of ice
Wands
 q - a wand of flame (13)
Scrolls
 d - 3 scrolls of identify {unknown}
 k - 2 scrolls of magic mapping {unknown}
 m - a scroll of enchant armour {unknown}
 s - 4 scrolls of amnesia {unknown}
Potions
 e - a potion of lignification {unknown}
 g - a potion of attraction {unknown}
 h - a potion of invisibility {unknown}
 j - 5 potions of curing {unknown}
 n - 2 potions of ambrosia {unknown}
 p - a potion of mutation {unknown}
 v - a potion of might {unknown}
 w - a potion of brilliance {unknown}
 x - 2 potions of degeneration {unknown}


   Skills:
 + Level 3.2 Stealth
 + Level 2.6 Spellcasting
 - Level 1.0 Summonings
 + Level 10.2 Necromancy
 - Level 1.0 Evocations


You had 3 spell levels left.
You knew the following spells:

 Your Spells              Type           Power      Damage    Failure   Level
a - Pain                  Necr           100%       1d9       1%          1
b - Animate Skeleton      Necr           68%        N/A       1%          1
c - Vampiric Draining     Necr           17%        2d8       1%          3
d - Animate Dead          Necr           17%        N/A       3%          4

Your spell library contained the following spells:

 Spells                   Type           Power      Damage    Failure   Level
 Shock                    Conj/Air       8%         1d3       26%         1
 Mephitic Cloud           Conj/Pois/Air  2%         N/A       58%         3
 Agony                    Necr           34%        N/A       11%         5


Dungeon Overview and Level Annotations

Branches:
Dungeon (7/15)             Temple (0/1) D:5

Altars:
Trog
Vehumet

Annotations:
D:2 1 runed translucent door, Crazy Yiuf


Innate Abilities, Weirdness & Mutations

Your serpentine skin is tough. (AC +2)
You have supernaturally acute eyesight. (SInv)
Armour fits poorly on your strangely shaped body.
Your system is resistant to poisons. (rPois)
You cover ground very slowly.
You can spit poison.
You have a snake-like lower body.


Message History

The phantom is severely damaged.
The phantom hits you.
You hit the phantom.
The phantom convulses.
The phantom is severely damaged.
The phantom hits you.
You hit the phantom.
The phantom convulses.
The phantom is severely damaged.
The phantom closely misses you.
You hit the phantom.
The phantom convulses.
The phantom is almost destroyed.
The phantom hits you!
* * * LOW HITPOINT WARNING * * *
The phantom blinks!
You blink.
You hit the phantom.
The phantom convulses.
The phantom is almost destroyed.
The phantom hits you.
* * * LOW HITPOINT WARNING * * *
Unknown command.
You hit the phantom but do no damage.
The phantom is almost destroyed.
The phantom hits you.
* * * LOW HITPOINT WARNING * * *
You completely miss the phantom.
The phantom is almost destroyed.
The phantom hits you.
* * * LOW HITPOINT WARNING * * *
The phantom blinks!
You blink.
You closely miss the phantom.
The phantom is almost destroyed.
The phantom barely misses you.
Unknown command.
Okay, then.
You hit the phantom but do no damage.
The phantom is almost destroyed.
The phantom hits you!
* * * LOW HITPOINT WARNING * * *
You hit the phantom but do no damage.
The phantom is almost destroyed.
The phantom hits you.
You die...

#.# ..... #.#..$.#.#
#.#..#...# #.#..#...#
#.#..#...# ##.#.##...#.#
##########..#........#
............#.##.#####..
################@.#<..........
..........<......W#...........
######.......##...#...########
#.....<.'..............
#......ยง#.....#..######
###.##.##.....#.....
#.##.##.....#######
#.#.........#####
#.######........#


You could see a phantom.

Vanquished Creatures
  A hornet (D:5)
  A water moccasin (D:5)
  An ogre (D:5)
  2 scorpions
  A howler monkey (D:4)
  A hound (D:5)
  An orc priest (D:4)
  Jessica (D:2)
  4 iguanas
  2 orc wizards
  A hound zombie (D:5)
  A gnoll (D:3)
  7 adders
  2 shadow imps (D:6)
  An ufetubus (D:5)
  2 worms
  2 dart slugs
  28 orcs
  7 ball pythons
  4 bats
  6 endoplasms
  2 giant cockroaches
  11 goblins
  8 hobgoblins
  5 quokkas
  5 frilled lizards
  6 kobolds
  13 rats
126 creatures vanquished.

Vanquished Creatures (others)
  49 plants (D:2)
49 creatures vanquished.

Grand Total: 175 creatures vanquished

Notes
Turn   | Place    | Note
-------+----------+-------------------------------------------
     0 | D:1      | MajorAdolf the Naga Wanderer began the quest for the Orb.
     0 | D:1      | MajorAdolf set off with the following items: a +0 club, a
                  | +0 robe, a scroll of teleportation; and the following
                  | spells available to memorise: Animate Skeleton, Pain,
                  | Vampiric Draining, Shock, Animate Dead, Mephitic Cloud,
                  | Agony
     0 | D:1      | Reached XP level 1. HP: 15/15 MP: 3/3
    18 | D:1      | Learned a level 1 spell: Pain
    20 | D:1      | Learned a level 1 spell: Animate Skeleton
   477 | D:1      | Reached XP level 2. HP: 10/22 MP: 5/5
  2055 | D:2      | Reached XP level 3. HP: 25/28 MP: 3/6
  2312 | D:2      | Reached skill level 6 in Necromancy
  2381 | D:2      | Reached XP level 4. HP: 13/36 MP: 1/7
  2920 | D:2      | Noticed Jessica
  2923 | D:2      | Killed Jessica
  3134 | D:2      | Found a runed translucent door.
  3135 | D:2      | Noticed Crazy Yiuf
  3350 | D:3      | Reached XP level 5. HP: 41/42 MP: 6/8
  3400 | D:3      | Learned a level 3 spell: Vampiric Draining
  3708 | D:3      | Reached skill level 7 in Necromancy
  4128 | D:3      | Reached XP level 6. HP: 38/49 MP: 4/9
  4966 | D:4      | Reached skill level 8 in Necromancy
  5723 | D:4      | Found a bloodstained altar of Trog.
  6135 | D:5      | Entered Level 5 of the Dungeon
  6151 | D:5      | Noticed a water moccasin
  6394 | D:5      | Reached XP level 7. HP: 50/55 MP: 5/10
  6446 | D:5      | Reached skill level 9 in Necromancy
  6499 | D:5      | Noticed a hornet
  6501 | D:5      | Learned a level 4 spell: Animate Dead
  6510 | D:5      | Killed a hornet
  6783 | D:5      | Reached skill level 10 in Necromancy
  7754 | D:4      | Reached XP level 8. HP: 55/62 MP: 3/11
  8090 | D:5      | Found a staircase to the Ecumenical Temple.
  8696 | D:5      | Found a radiant altar of Vehumet.
  9022 | D:6      | HP: 2/62 [phantom (8)]
  9023 | D:6      | Slain by a phantom

Illustrated notes

Levels and vault maps discovered:
D:1:      erik_arrival_triangle_medium, layout_basic, serial_bayou_pond_b,
          chequers_jeans
D:2:      layout_loops_ring, serial_bayou_lagoon_a, minmay_rat_gold_closets,
          uniq_crazy_yiuf_cottage, uniq_jessica
D:3:      layout_basic, minmay_circle_x
D:4:      layout_basic, mainiacjoe_overflow_cross_hatched, minmay_bent
D:5:      layout_rooms, mainiacjoe_overflow_tiny_flanked,
          minmay_temple_entry_from_below_a, serial_curves, eino_curves_03,
          eino_curves_03, eino_curves_02, grunt_ministairs_7
D:6:      layout_basic, mainiacjoe_overflow_alcove_2, hangedman_glass_teeth,
          uniq_menkaure
D:7:      layout_basic, elyvilon_altar_3, minivault_19,
          minmay_fractal_squares_5, uniq_joseph, uniq_duvessa

Skill      XL: |  1  2  3  4  5  6  7  8 |
---------------+-------------------------+-----
Necromancy     | 6 7 8 10 | 10.2
Stealth        | 3 |  3.2
Spellcasting   | |  2.6
Summonings     | |  1.0
Evocations     | |  1.0

Action                   |  1- 3 |  4- 6 |  7- 9 || total
-------------------------+-------+-------+-------++-------
Melee: Club              |     4 |       |       ||     4
       Dagger            |    17 |     3 |    51 ||    71
       Whip              |       |       |     5 ||     5
 Cast: Pain              |    35 |   145 |    51 ||   231
       Animate Skeleton  |     1 |     3 |       ||     4
       Vampiric Draining |       |       |    10 ||    10
 Abil: Spit Poison       |    19 |     5 |     2 ||    26
  Use: Scroll            |       |     1 |     1 ||     2
Armor: Robe              |     6 |     3 |     8 ||    17
       Leather armour    |       |       |    10 ||    10
Dodge: Dodged            |    19 |    10 |    38 ||    67
